 Dungeon Crawl Stone Soup version 0.29.0-4-gdea44cf6ec (webtiles) character file.

Game seed: 10695543627479088618

117 qw the Chopper (level 5, 0/30 HPs)
             Began as a Tengu Warper on Aug 28, 2022.
             Slain by a centaur
             ... wielding a +0 club
              (7 damage)
             ... on level 3 of the Dungeon.
             The game lasted 00:00:16 (2165 turns).

qw the Chopper (Tengu Warper)                       Turns: 2165, Time: 00:00:17

Health: 0/30       AC:  3    Str: 13    XL:     5   Next: 1%
Magic:  9/9        EV: 13    Int: 14    God:
Gold:   106        SH:  0    Dex:  9    Spells: 8/8 levels left

rFire   . . .      SeeInvis .   Y - +0 hand axe
rCold   . . .      Faith    .   (no shield)
rNeg    + . .      Spirit   .   b - +0 leather armour
rPois   .          Reflect  .   a - +0 hat of Agoraphobia {rN+ Regen+ Dex-4 Slay+3}
rElec   .          Harm     .   (no cloak)
rCorr   .          Rampage  .   (no gloves)
Will    .....                   (boots unavailable)
Stlth   +.........              (no amulet)
HPRegen 0.90/turn               (no ring)
MPRegen 0.11/turn               (no ring)

@: flying quickly and evasively, quick
A: beak, talons 3, nimble flight
a: no special abilities


You were on level 3 of the Dungeon.
You visited 1 branch of the dungeon, and saw 3 of its levels.

You collected 106 gold pieces.


Innate Abilities, Weirdness & Mutations

You have a beak for a mouth.
You have claws for feet.
Your magical nature lets you fly swiftly and evasively.


   Skills:
 - Level 2.0 Fighting
 + Level 5.5 Axes
 - Level 1.0 Throwing
 - Level 1.1 Armour
 - Level 2.1 Dodging
 - Level 2.0 Spellcasting
 - Level 2.4 Translocations


You had 8 spell levels left.
You didn't know any spells.
Your spell library contained the following spells:

 Spells                   Type           Power      Damage    Failure   Level
 Blink                    Tloc           16%        N/A       17%         2
 Gell's Gravitas          Tloc           8%         N/A       34%         3
 Lesser Beckoning         Tloc           8%         N/A       34%         3
 Teleport Other           Tloc           8%         N/A       34%         3
 Manifold Assault         Tloc           8%         N/A       97%         5

Inventory:

Hand Weapons
 k - a +0 mace
 Y - a +0 hand axe (weapon)
Armour
 a - the +0 hat of Agoraphobia (worn) {rN+ Regen+ Dex-4 Slay+3}
   (You acquired it on level 1 of the Dungeon)

   Dex:       It affects your dexterity (-4).
   Slay:      It affects your accuracy & damage with ranged weapons and melee
   (+3).
   rN:        It protects you from negative energy.
   Regen:     It increases your rate of health regeneration.
 b - a +0 leather armour (worn)
Scrolls
 h - a scroll of identify {unknown}
Potions
 c - a potion of brilliance {unknown}
 d - a potion of heal wounds {unknown}
 e - a potion of curing {unknown}
 f - a potion of might {unknown}
 g - a potion of haste {unknown}

Dungeon Overview and Level Annotations

Branches:
Dungeon (3/15)

Altars:


Message History

Done waiting.
Things that are here:
a +0 trident; a +0 club; a hobgoblin corpse
There is a stone staircase leading down here.
A hobgoblin comes into view.
The hobgoblin shouts!
Enter note: You slash the hobgoblin!
You kill the hobgoblin!
You have reached level 5!
Your magical nature develops, letting you fly swiftly and evasively.
h - a scroll labelled DUMONY RUERUUF
Things that are here:
a +0 trident; a +0 club; a hobgoblin corpse You now have 96 gold pieces (gained 9).
A goblin comes into view. It is wielding a +0 club.
The goblin shouts!
Enter note:
Enter note:
Enter note:
Enter note: You slash the goblin!
You kill the goblin!
Things that are here:
a +0 club; a goblin corpse You now have 106 gold pieces (gained 10).
You see here a +0 dagger.
You see here a +0 dagger.
Found a leather armour.
Enter note: The centaur shouts!
The centaur unwields a +0 club.
The centaur wields a +0 shortbow.
The centaur shoots an arrow.
The arrow hits you!
The centaur shoots an arrow.
The arrow hits you!
The centaur shoots an arrow.
The arrow hits you.
The centaur shoots an arrow.
The arrow hits you!
The centaur shoots an arrow.
The arrow barely misses you.
The centaur unwields a +0 shortbow.
The centaur wields a +0 club.
The centaur hits you with a +0 club!
You die...

.. #. #. #. ########
#.### #......# # #...
#.####.## #. #.c#
#.####... #.##.@#
#.##...#. #.....#
#.##.#... ###...#
#.##.#..# #...#
#........ #.. ....#
#...# #.####### #..
....# #...# ####.###
##..#.#.. #...# #......#
....... #...#
#.##.#.##### ..l..
#####...#####.##.......#


You could see a centaur.

Vanquished Creatures
  Jessica (D:2)
  An adder (D:2)
  3 worms (D:2)
  2 dart slugs (D:1)
  8 endoplasms
  11 goblins
  9 hobgoblins
  4 jackals (D:2)
  A quokka (D:1)
  10 ball pythons
  3 bats
  6 frilled lizards
  2 kobolds
  4 rats
65 creatures vanquished.

Vanquished Creatures (others)
  17 plants (D:2)
17 creatures vanquished.

Grand Total: 82 creatures vanquished

Notes
Turn   | Place    | Note
-------+----------+-------------------------------------------
     0 | D:1      | qw the Tengu Warper began the quest for the Orb.
     0 | D:1      | Reached XP level 1. HP: 12/12 MP: 4/4
     0 | D:1      | 0 ||| qw: Version: 0.1-a-89-g26bdef1
     0 | D:1      | 0 ||| qw: Game counter: 2358
     0 | D:1      | 0 ||| qw: Always use a shield: true
     0 | D:1      | 0 ||| qw: God list: Okawaru
     0 | D:1      | 0 ||| qw: Allow faded altars: false
     0 | D:1      | 0 ||| qw: Do Orc after D:15 true
     0 | D:1      | 0 ||| qw: Do second Lair branch before Depths: true
     0 | D:1      | 0 ||| qw: Lair rune preference: random
     0 | D:1      | 0 ||| qw: Plans: Normal
     0 | D:1      | 0 ||| PLANNING D:1-11
   203 | D:1      | Reached XP level 2. HP: 17/17 MP: 6/6
   213 | D:1      | Reached skill level 3 in Axes
   428 | D:1      | 428 ||| Stepping ~*~*~tactically~*~*~ (stealth).
   429 | D:1      | 429 ||| Stepping ~*~*~tactically~*~*~ (stealth).
   473 | D:1      | 473 ||| Stepping ~*~*~tactically~*~*~ (stealth).
   558 | D:1      | Reached XP level 3. HP: 21/21 MP: 7/7
   561 | D:1      | 561 ||| DROPPING +0 club.
   786 | D:1      | 786 ||| READING scroll labelled MAWAXK KOSHUD.
   786 | D:1      | Identified a scroll of acquirement
   786 | D:1      | 786 ||| ACQUIRING +0 hat of Agoraphobia {rN+ Regen+ Dex-4
                  | Slay+3}
   786 | D:1      | Acquired the +0 hat of Agoraphobia {rN+ Regen+ Dex-4
                  | Slay+3}
   788 | D:1      | 788 ||| UPGRADING to +0 hat of Agoraphobia {rN+ Regen+
                  | Dex-4 Slay+3}.
   793 | D:1      | 793 ||| READING scroll labelled DIUT ZELAE.
   798 | D:1      | 798 ||| READING scroll labelled BETOZX JERPHE.
   799 | D:1      | 799 ||| READING scroll labelled COMAFO HURYH.
   800 | D:1      | 800 ||| READING 2 scrolls labelled RYNIYXUUKI.
   801 | D:1      | 801 ||| DROPPING scroll of blinking.
   802 | D:1      | 802 ||| DROPPING scroll of immolation.
   825 | D:2      | Reached skill level 4 in Axes
   850 | D:2      | 850 ||| Stepping ~*~*~tactically~*~*~ (water).
   916 | D:2      | Noticed Jessica
   925 | D:2      | Killed Jessica
   926 | D:2      | Reached XP level 4. HP: 26/26 MP: 8/8
  1086 | D:2      | Reached skill level 5 in Axes
  1196 | D:2      | 1196 ||| Stepping ~*~*~tactically~*~*~ (stealth).
  1702 | D:2      | 1702 ||| READING scroll labelled NOIRAT ASETSEUH.
  1727 | D:3      | Found a faded altar of an unknown god.
  1728 | D:3      | 1728 ||| READING scroll of teleportation.
  1729 | D:3      | 1729 ||| STAIRDANCE
  1782 | D:3      | Noticed a centaur
  1783 | D:3      | 1783 ||| Stepping ~*~*~tactically~*~*~ (stealth).
  1784 | D:3      | 1784 ||| Stepping ~*~*~tactically~*~*~ (stealth).
  1820 | D:3      | 1820 ||| Stepping ~*~*~tactically~*~*~ (stealth).
  1822 | D:3      | 1822 ||| Stepping ~*~*~tactically~*~*~ (hiding).
  1823 | D:3      | 1823 ||| Stepping ~*~*~tactically~*~*~ (hiding).
  1979 | D:3      | Gained mutation: Your magical nature lets you fly swiftly
                  | and evasively. [Tengu growth]
  1979 | D:3      | Reached XP level 5. HP: 30/30 MP: 9/9
  2162 | D:3      | HP: 5/30 [centaur/arrow (7)]
  2165 | D:3      | Slain by a centaur

Levels and vault maps discovered:
D:1:      amcnicky_arrival_feature_with_door, layout_rooms,
          grunt_decor_arrowhead
D:2:      minmay_evil_eye, layout_basic, serial_bayou, serial_bayou_lagoon_a,
          serial_bayou_ford_a, serial_bayou_lagoon_b, serial_bayou_pond_c,
          uniq_jessica
D:3:      layout_loops_cross, nicolae_ecumenical_oubliette, grunt_ministairs_10

Skill      XL: |  1  2  3  4 |
---------------+-------------+-----
Axes           | 3 4 5 |  5.5
Fighting       | |  2.0
Throwing       | |  1.0
Armour         | |  1.1
Dodging        | |  2.1
Spellcasting   | |  2.0
Translocations | |  2.4

Action                   |  1- 3 |  4- 6 || total
-------------------------+-------+-------++-------
Melee: Hand axe          |    63 |    58 ||   121
       Peck              |     8 |     5 ||    13
       Kick              |    12 |    11 ||    23
       Punch             |     1 |     1 ||     2
Throw: Boomerang         |     7 |       ||     7
  Use: Scroll            |     5 |     2 ||     7
Armor: Leather armour    |     8 |    11 ||    19
Dodge: Dodged            |    27 |    30 ||    57

Table legend:
 A = Non-vault XP
 B = Vault XP
 C = Vault XP percentage of total XP
 D = Non-vault monster count
 E = Vault monster count
 F = Vault count percentage of total count
                 A         B        C        D         E       F
            +---------+---------+-------+---------+---------+-------
      Total |     128 |      40 |  23.8 |      62 |       3 |   4.6
            +---------+---------+-------+---------+---------+-------
        D:1 |      42 |       0 |   0.0 |      25 |       0 |   0.0
        D:2 |      72 |      40 |  35.7 |      29 |       3 |   9.4
        D:3 |      14 |       0 |   0.0 |       8 |       0 |   0.0
            +---------+---------+-------+---------+---------+-------
